[Event "Tata Steel India Women Rapid 2024"]
[Site "Kolkata"]
[Date "2024.11.15"]
[Round "7.4"]
[White "Lagno, Kateryna"]
[Black "Vantika Agrawal"]
[Result "1/2-1/2"]
[ECO "C11"]
[WhiteElo "2527"]
[BlackElo "2392"]
[Annotator "TA"]
[PlyCount "42"]
[EventDate "2024.11.06"]
[EventType "tourn"]
[EventCountry "IND"]
[SourceTitle "playchess.com"]
[Source "ChessBase"]
[SourceQuality "1"]
[TimeControl "1500+10"]

1. e4 e6 2. Nf3 d5 3. Nc3 Nf6 4. e5 Nfd7 5. d4 c5 6. Ne2 Nc6 7. c3 Be7 {[%emt 0:00:10] The position is equal.} 8. a3 O-O 9. Nf4 Qa5 10. Be3 Nxd4 $1 11. Nxd4 cxd4 12. Bxd4 Qc7 13. Bd3 Nxe5 14. Bxh7+ Kxh7 15. Qh5+ Kg8 16. Bxe5 Bd6 17. Bxg7 Kxg7 18. Qg5+ Kh7 19. Qh5+ (19. Nh5 f5 (19... Bxh2 20. Qg7#) 20. Nf6+ Rxf6 21. Qxf6 Rb8 (21... Bxh2 $2 22. Qh4+ Kg6 23. Rxh2 $18) 22. Qh4+ Kg8 $17) 19... Kg7 20. Qg5+ Kh7 21. Qh5+ (21. Nh5 f5 (21... Bxh2 22. Qg7#) 22. Nf6+ Rxf6 23. Qxf6 Qg7 $17 (23... Bxh2 $2 {is the wrong capture.} 24. g3 $18)) 21... Kg7 {[%emt 0:00:01] An uneventful encounter.   Weighted Error Value: White=0.00 (flawless) /Black=0.00 (flawless) .  OK:         	White=6     	Black=5      Best:        	White=1     	---        Strong:       	---       	Black=1} 1/2-1/2

[Event "Tata Steel India Women Rapid 2024"]
[Site "Kolkata"]
[Date "2024.11.15"]
[Round "7.5"]
[White "Gunina, Valentina"]
[Black "Kosteniuk, Alexandra"]
[Result "0-1"]
[ECO "D38"]
[WhiteElo "2425"]
[BlackElo "2487"]
[Annotator "TA"]
[PlyCount "110"]
[EventDate "2024.11.06"]
[EventType "tourn"]
[EventCountry "IND"]
[SourceTitle "playchess.com"]
[Source "ChessBase"]
[SourceQuality "1"]
[TimeControl "1500+10"]

1. d4 Nf6 2. c4 e6 3. Nf3 d5 4. Nc3 Bb4 5. Bg5 h6 6. Bxf6 Qxf6 7. Qa4+ Nc6 8. e3 O-O 9. Be2 Bxc3+ 10. bxc3 Bd7 {[%emt 0:00:03][%cal Oc6d4] [#] Hoping for ...Nxd4! The position is equal.} 11. Qa3 dxc4 12. Bxc4 e5 13. O-O Bf5 14. Bd5 exd4 15. cxd4 Qd6 16. Qxd6 (16. Qb3 {keeps more tension.} Rad8 17. Bxc6 Qxc6 18. Ne5) 16... cxd6 17. Rfc1 Rac8 18. h3 Na5 19. Nd2 Be6 20. Bxe6 fxe6 21. Ne4 Nc4 22. a4 b6 23. Nc3 d5 24. Ne2 Nd2 25. Nf4 Kf7 26. Re1 {[%emt 0:01:30] [#]} Rc2 $1 27. Nd3 Rfc8 28. h4 Nb3 29. Rab1 Nd2 30. Ra1 Nb3 {[%emt 0:00:00] Prevents Rec1} (30... Kf6 $17) 31. Ra3 (31. Rab1 $11 R8c3 32. Red1) 31... Nd2 (31... R8c3 $15 32. Ne5+ Kf6) 32. Rd1 (32. Raa1 $11) 32... Ke7 33. Kh2 ({White should play} 33. Ne1 $15 Rb2 34. Nd3) 33... Ne4 34. Kg1 Nd2 {[%emt 0:00:00] Black has more active pieces.} ({Better is} 34... R8c7 $17 35. a5 g5) 35. h5 (35. Kh2 $11) 35... Ne4 36. a5 b5 37. a6 $1 Kd6 38. Rb3 Rb8 39. f3 (39. Rdb1 $11 {keeps the balance.}) 39... Nd2 $36 {[%emt 0:00:20][%mdl 2048] Black is really pushing.} 40. Rb4 Nc4 41. Nc5 e5 (41... Nxe3 $6 42. Re1 Rc3 (42... Rxg2+ $2 43. Kh1 $18) (42... Nxg2 43. Rxe6+ Kc7 44. Re7+ Kd6 45. Rxg7 $11) 43. Kf2 $11) 42. Nb7+ Kc6 (42... Ke7 $1 $15) 43. Rb3 (43. e4 $11 dxe4 44. d5+ Kb6 45. Rdb1) 43... Re8 ({Black should try} 43... exd4 $17 44. Rxd4 Ra2) 44. e4 $11 {[%emt 0:00:00] Strongly threatening exd5+.} exd4 45. Rxd4 (45. exd5+ $11 {was the only way to keep the balance.} Kb6 46. d6) 45... dxe4 $17 46. fxe4 Re5 47. Rg3 {[%emt 0:00:00] Now White is beyond hope.} (47. Nd8+ $17 {is the only way for White.} Kc7 48. Rg3 Rc1+ (48... Rxh5 49. Rxg7+ Kb6 50. Rg6+ Kc5 51. Rd1 $11) 49. Kf2) 47... b4 $19 (47... Rxh5 48. Rg6+ (48. Rxg7 $2 Rg5 $19) 48... Kc7 49. Rxg7+ Kb6 50. Rg6+ Kc7 51. Rd5 $11) 48. Rxg7 $2 (48. Rdd3 Nd2 (48... Rxe4 49. Rg6+ Kc7 50. Rxg7+ Kb6 51. Rg6+ Kc7 52. Nc5 $14) (48... Rxh5 $2 49. Nd8+ Kb5 50. Ne6 $19) 49. Rg6+ Kb5 50. Nd6+ Kc5 (50... Kxa6 $2 51. Nc4+ Kb5 52. Nxe5 $18) (50... Ka5 51. Rxd2 b3 52. Rxg7 $18) 51. Rxg7) 48... b3 {[%emt 0:00:00][%cal Ob3b2] White must now prevent ...b2!} (48... Rxh5 49. Nd8+ Kb5 50. Rxa7 $11) 49. Nd8+ Kc5 50. Rd1 (50. Rd3 $142 Rc1+ (50... Rxe4 $2 {is the wrong capture.} 51. Rxb3 Re1+ 52. Kh2 $18) 51. Kf2) 50... b2 {[%emt 0:00:00] ( -> ...Rc1)} (50... Rxe4 51. Rxa7 Ree2 (51... b2 52. Rc7+ Kb4 53. Rb7+ Kc3 54. a7 $11) 52. Rg7 $17) (50... Rxh5 51. Ne6+ Kb4 52. Nd4 $11) 51. Rxa7 Rc1 {[%emt 0:00:00] Black mates.} ({Not} 51... Rxh5 52. Rb7 Rc1 53. Ne6+ Kc6 54. Nd8+ Kc5 55. Ne6+ Kc6 56. Nd8+ Kc5 $11) 52. Rc7+ Kb5 53. Rb7+ Kxa6 54. Rf1 Rxf1+ 55. Kxf1 Rb5 {[%emt 0:00:00] Weighted Error Value: White=0.48/Black=0.21 (precise) .  Mistake:       	White=10    	Black=5      Inaccurate:     	White=6     	Black=6      OK:         	White=8     	Black=13     Best:        	---       	Black=2      Strong:       	White=1     	Black=1} 0-1

[Event "Tata Steel India Women Rapid 2024"]
[Site "Kolkata"]
[Date "2024.11.15"]
[Round "8.1"]
[White "Vaishali, Rameshbabu"]
[Black "Lagno, Kateryna"]
[Result "1-0"]
[ECO "A00"]
[WhiteElo "2490"]
[BlackElo "2527"]
[Annotator "TA"]
[PlyCount "83"]
[EventDate "2024.11.06"]
[EventType "tourn"]
[EventCountry "IND"]
[SourceTitle "playchess.com"]
[Source "ChessBase"]
[SourceQuality "1"]
[TimeControl "1500+10"]

1. Nc3 e5 2. Nf3 Nc6 3. d4 exd4 4. Nxd4 Nf6 5. Bg5 Bc5 6. e3 O-O 7. Be2 Nxd4 8. exd4 {[%emt 0:00:04] The position is equal.} Be7 9. Qd2 d5 10. O-O-O Ne4 11. Nxe4 dxe4 12. Bxe7 Qxe7 13. Qf4 f5 14. Bc4+ Kh8 15. Kb1 c6 16. d5 Qc5 17. Bb3 Bd7 18. Qc7 Rad8 19. Qxb7 Bc8 ({Black should try} 19... f4 $14) 20. Qxc6 (20. Qc7 $18 Rd7 21. Qxc6 Qxf2 22. d6) 20... Qxf2 $16 21. g3 $36 {[%emt 0:04:17][%mdl 2048] White is on the roll.} a5 22. Qc7 Ba6 (22... e3 $16) 23. Qxa5 $18 Be2 24. Qe1 Qf3 {[%emt 0:00:34] [#]} (24... e3) 25. Rd2 Ba6 26. Rf2 Qh5 27. Qe3 Bb7 28. c4 Ba6 29. Rhf1 Qh3 30. Rc1 Rfe8 31. Ka1 h6 32. c5 Bd3 33. c6 f4 34. Rxf4 Rb8 35. Bc2 Qxh2 36. Rf2 (36. Bxd3 $2 Qxb2#) 36... Qh5 37. Bxd3 exd3 38. Qxd3 Rbd8 39. d6 {[%emt 0:01:05] White mates.} Qg5 40. Rfc2 Re3 {[%emt 0:00:12] [#]} 41. Qxe3 $3 Qxe3 42. c7 {[%emt 0:00:02] Weighted Error Value: White=0.12 (very precise) /Black=0.48.  Mistake:       	White=1     	Black=3      Inaccurate:     	White=1     	Black=5      OK:         	White=11    	Black=7      Best:        	White=1     	Black=1} 1-0

[Event "Tata Steel India Women Rapid 2024"]
[Site "Kolkata"]
[Date "2024.11.15"]
[Round "8.2"]
[White "Dzagnidze, Nana"]
[Black "Gunina, Valentina"]
[Result "0-1"]
[ECO "D10"]
[WhiteElo "2518"]
[BlackElo "2425"]
[Annotator "RC"]
[PlyCount "174"]
[EventDate "2024.11.06"]
[EventType "tourn"]
[EventCountry "IND"]
[SourceTitle "playchess.com"]
[Source "ChessBase"]
[SourceQuality "1"]
[TimeControl "1500+10"]

1. d4 d5 2. c4 c6 3. cxd5 cxd5 4. Bf4 Nf6 5. Nc3 Nc6 6. e3 a6 7. Bd3 Bg4 8. Nge2 e6 9. Rc1 Bd6 10. Bxd6 Qxd6 11. O-O O-O 12. Qd2 Bh5 13. Nf4 Bg6 14. Nxg6 hxg6 15. Na4 Rac8 16. Nc5 Rc7 17. f4 Nd7 18. Nxd7 Qxd7 19. Rc5 Rfc8 20. Rfc1 Qe7 21. a3 g5 22. Qf2 gxf4 23. Qxf4 a5 24. h3 e5 25. Qf2 e4 26. Bb1 Nd8 27. Rxc7 Rxc7 28. Rxc7 Qxc7 29. Ba2 Qd7 30. Qf4 Nc6 31. Qg5 Ne7 32. Qe5 f5 33. Qb8+ Kf7 34. Qe5 Qc6 35. Kh2 g6 36. h4 Ke8 37. Qb8+ Kd7 38. Qe5 Qb5 39. a4 Qc6 40. Bb3 Qe6 41. Qxe6+ Kxe6 42. Kg3 Nc6 43. Bd1 Kf6 44. Be2 g5 45. hxg5+ Kxg5 46. Bb5 Nb4 47. Bd7 Nd3 48. b3 f4+ 49. exf4+ Nxf4 50. Kf2 Kf6 51. Bc8 b6 52. g3 Ne6 53. Ke3 Ke7 54. Bb7 Kd6 55. Bc8 Nd8 56. Bh3 Nc6 57. g4 Nb4 58. Kd2 Ke7 59. g5 Kf7 60. Bf5 Kg7 61. Kc3 Nc6 62. Bd7 Ne7 63. Be8 Kf8 64. Bh5 Nc6 65. Bg4 Kf7 66. Bh5+ Kg7 67. Be8 Nd8 68. Kd2 Kf8 69. Bb5 Kf7 70. Ke3 Ke6 71. Kf4 Nb7 72. Be2 Nd8 73. Bg4+ Kd6 74. g6 Ne6+ 75. Bxe6 Kxe6 76. Kg5 e3 77. Kh6 e2 78. g7 e1=Q 79. g8=Q+ Ke7 80. Qxd5 Qe6+ 81. Qxe6+ Kxe6 82. Kg7 Kd5 83. Kf6 Kxd4 84. Ke6 Kc3 85. Kd5 Kxb3 86. Kc6 Kxa4 87. Kxb6 Kb4 0-1

[Event "Tata Steel India Women Rapid 2024"]
[Site "Kolkata"]
[Date "2024.11.15"]
[Round "8.3"]
[White "Goryachkina, Aleksandra"]
[Black "Divya Deshmukh"]
[Result "1-0"]
[ECO "D37"]
[WhiteElo "2528"]
[BlackElo "2493"]
[Annotator "TA"]
[PlyCount "77"]
[EventDate "2024.11.06"]
[EventType "tourn"]
[EventCountry "IND"]
[SourceTitle "playchess.com"]
[Source "ChessBase"]
[SourceQuality "1"]
[TimeControl "1500+10"]

1. d4 Nf6 2. c4 e6 3. Nf3 d5 4. Nc3 Nbd7 5. Bf4 dxc4 6. e3 {[%emt 0:00:06] D37: Queen's Gambit Declined: 5 Bf4.} b5 {[%emt 0:00:06] 6...b5 is the modern continuation.} 7. Nxb5 Bb4+ 8. Nc3 Nd5 9. a3 Nxc3 10. Qd2 Bxa3 11. Qxc3 Bd6 12. Bxc4 O-O 13. Bg5 $146 ({Predecessor:} 13. O-O Nb6 14. Bxd6 cxd6 15. Bd3 Bb7 16. e4 f5 17. Rfe1 Qf6 18. Qc7 Bxe4 19. Bxe4 fxe4 20. Rxe4 {1-0 Ponomarev,G (2318)-Aleksandrov,A (2408) St Petersburg Korchnoi Memorial op 2024 (7)}) 13... Qe8 14. O-O Bb7 15. Ne5 (15. Be2 $14) 15... Nb6 $15 16. Nf3 $1 f6 {[%emt 0:03:33][%cal Ob7f3] Threatens to win with ...Bxf3!} 17. Bh4 Nxc4 18. Qxc4 Bd5 {[%emt 0:00:15] A strong pair of Bishops.} 19. Qe2 Qg6 20. Bg3 f5 21. Ne5 Bxe5 22. dxe5 f4 23. exf4 (23. Bxf4 $2 Qxg2#) 23... Rxf4 24. Rfc1 h5 {[%emt 0:00:30][%cal Oh5h4] Strongly threatening ...h4!} 25. f3 (25. Bxf4 $2 Qxg2#) 25... Rf7 26. Ra4 c6 27. Qe3 Rb7 28. b4 Rf7 {[%emt 0:00:09][%cal Oh5h4] White must now prevent ...h4!} 29. Qd4 Raf8 30. Ra3 (30. Rxa7 $2 Rxa7 31. Qxa7 h4 32. Bxh4 Qh6 $19 (32... Rxf3 $2 33. Bg3 $19)) 30... Rf5 31. Rxa7 {[%emt 0:00:51] [#]} (31. Rca1 $11) 31... Bxf3 $1 32. gxf3 Rf4 {[%emt 0:00:26] Wards off Qe4} (32... Rxf3 $15 33. Kh1 (33. Rxc6 Rxg3+ 34. hxg3 Qxg3+ 35. Kh1 Qh3+ 36. Kg1 Rf1#) 33... Qf5) 33. Qd7 (33. Qf2 $11 h4 34. Ra3) 33... Rxf3 (33... h4 $6 34. Qxg7+ Qxg7 35. Rxg7+ Kxg7 36. Bxf4 Rxf4 37. Rxc6 $16) (33... R4f7 $5 34. Qd4 $8 Rxf3 $11) 34. Qxc6 {[%emt 0:00:36] Ra8 would now be deadly.} (34. Rxc6 $2 {gets mated.} Rf1+ (34... Qb1+ {leads to mate.} 35. Rc1 Qxc1+ 36. Qd1 Qxd1+ 37. Be1 Qxe1+ 38. Kg2 Qf1#) 35. Kg2 R8f2+ 36. Kh3 Qg4#) 34... h4 35. Ra8 $1 Rxg3+ $2 {[%emt 0:00:39][%mdl 8192] [#]} (35... Rxa8 $11 36. Qxf3 Rf8) 36. Kh1 $1 $18 ({Stronger than} 36. hxg3 Qxg3+ 37. Kh1 Qh3+ 38. Kg1 Qg3+ 39. Kh1 Qh3+ 40. Kg1 Qg3+ $11) 36... Rg5 37. Rxf8+ Kh7 38. Rf4 Rh5 39. Qe4 1-0

[Event "Tata Steel India Women Rapid 2024"]
[Site "Kolkata"]
[Date "2024.11.15"]
[Round "8.4"]
[White "Dronavalli, Harika"]
[Black "Kosteniuk, Alexandra"]
[Result "1-0"]
[ECO "D02"]
[WhiteElo "2493"]
[BlackElo "2487"]
[Annotator "TA"]
[PlyCount "85"]
[EventDate "2024.11.06"]
[EventType "tourn"]
[EventCountry "IND"]
[SourceTitle "playchess.com"]
[Source "ChessBase"]
[SourceQuality "1"]
[TimeControl "1500+10"]

1. Nf3 d5 2. d4 Nf6 3. c3 g6 4. g3 Bg7 5. Bg2 O-O 6. O-O Bf5 7. Nbd2 {[%emt 0:00:18] D02: 1 d4 d5 2 Nf3 sidelines, including 2...Nf6 3 g3 and 2...Nf6 3 Bf4.} Qc8 8. Re1 a5 9. a4 Na6 10. Nh4 Bh3 $146 ({Predecessor:} 10... Bg4 11. Nhf3 c5 12. Nf1 cxd4 13. Nxd4 e5 14. Nb5 Nc5 15. Be3 Be6 16. Nd2 b6 {0-1 Stanic,V (1794)-Biti,A (2080) SLO-chT2 West 2010 (4.5)}) 11. e4 (11. Bxh3 {is interesting.} Qxh3 12. e4 e5 13. dxe5 Ng4 14. Nhf3) 11... Bxg2 12. Nxg2 dxe4 13. Nxe4 c5 14. d5 c4 (14... Rd8 $14) 15. Nxf6+ Bxf6 16. Re4 Rd8 17. Ne3 h5 18. Rxc4 ({Of course not} 18. Nxc4 Qf5 19. Rf4 Rxd5 $11) 18... Qd7 19. Qf3 Nc7 20. Bd2 Nxd5 21. Nxd5 Qxd5 22. Qxd5 Rxd5 23. Be3 Rad8 24. Kg2 Be5 25. Ra2 Ra8 26. Ra3 b5 $1 27. axb5 Rxb5 28. b4 Bd6 29. Ra4 f6 (29... Kf8 $16 30. Rc6 Be5) 30. Rc6 $18 Kf7 {[%emt 0:00:20] [#]} 31. Rb6 $1 ({Resist} 31. Bb6 Ke6 $16) 31... Rf5 (31... Rxb6 $142 32. Bxb6 Rc8) 32. c4 $18 Rc8 $2 (32... Ke8 33. c5 Bc7) 33. bxa5 $18 (33. Rxa5 Rxc4 34. Rxf5 gxf5 $15) 33... Bc5 34. Rb5 Bxe3 (34... Ke6 $142 35. a6 Kd6) 35. Rxf5 $18 ({Weaker is} 35. fxe3 Rxc4 36. Rxc4 Rxb5 $14) 35... gxf5 36. fxe3 Ke6 37. a6 Kd6 38. a7 Ra8 39. Kh3 Kc6 40. Kh4 Kb7 41. Kxh5 Rh8+ 42. Kg6 Ka8 43. Ra2 1-0

[Event "Tata Steel India Women Rapid 2024"]
[Site "Kolkata"]
[Date "2024.11.15"]
[Round "8.5"]
[White "Vantika Agrawal"]
[Black "Koneru, Humpy"]
[Result "1-0"]
[ECO "D35"]
[WhiteElo "2392"]
[BlackElo "2530"]
[Annotator "TA"]
[PlyCount "96"]
[EventDate "2024.11.06"]
[EventType "tourn"]
[EventCountry "IND"]
[SourceTitle "playchess.com"]
[Source "ChessBase"]
[SourceQuality "1"]
[TimeControl "1500+10"]

1. d4 Nf6 2. c4 e6 3. Nf3 d5 4. Nc3 Be7 5. cxd5 exd5 6. Bf4 c6 7. e3 Nh5 8. h3 Nxf4 9. exf4 O-O {[%emt 0:01:10] The position is equal.} 10. Bd3 Bd6 11. g3 Nd7 12. Kf1 {[%emt 0:01:27] Active counter play!} b6 13. Kg2 Nf6 14. Qd2 c5 15. Rad1 Bb7 16. Rhe1 a6 17. Kh2 Qc7 18. Bf1 h6 19. Bg2 Rfd8 20. Qc2 Rac8 21. Qb1 Ne4 (21... b5 $15) 22. Nxe4 dxe4 23. Ne5 {[%emt 0:00:11] [#]} (23. Nh4 $1 $11) 23... f5 $1 $17 24. a4 cxd4 25. Qa2+ Kh7 26. Qe6 Bxe5 27. Qxf5+ {[%emt 0:00:03] [#]} g6 (27... Kh8 $1 $17 {aiming for ...Bf6.} 28. Qxe5 (28. fxe5 $2 Rf8 $19) 28... d3 (28... Qxe5 29. fxe5 Rc2 30. Bxe4 $11) 29. Bxe4 d2 30. Bxb7 dxe1=Q (30... dxe1=R 31. Qxc7 Rxc7 32. Rxd8+ Kh7 33. Bxa6 $18) 31. Rxd8+ Rxd8 32. Qxc7 Qxf2+ 33. Bg2 Qd4) 28. Qxe5 $15 Qxe5 29. fxe5 d3 {[%emt 0:00:12] White must now prevent ...Rd4.} 30. Bxe4 d2 31. Bxb7 dxe1=Q 32. Rxe1 $11 {[%emt 0:00:02][%mdl 4096] Endgame. KRR-KRB} Rc2 33. Kg1 a5 {[%emt 0:00:28][%cal Oh7g7][%mdl 1024] Black has compensation.} 34. b3 Kg7 35. Ba6 ({Of course not} 35. e6 Kf6 36. Ba6 (36. e7 Re8 $17) 36... Ke7 $15) 35... Kf8 36. Bc4 Rdd2 37. Rf1 g5 38. Kg2 Ke7 39. Kf3 Rc3+ 40. Ke4 Rcc2 $2 {[%emt 0:00:07][%mdl 8192] Loses the game.} (40... b5 $11 {and Black is okay.} 41. axb5 a4) 41. f4 $18 {[%emt 0:00:11][%cal Bf2f4,Bf4f5,Bf5f6,Bf6f7][%mdl 32] f5 would now be deadly.} Rg2 (41... Rf2 $142 42. Rxf2 Rxf2) 42. f5 {[%emt 0:00:06] And now f6+ would win.} Rxg3 43. f6+ {[%emt 0:00:01] White mates.} Kf8 44. e6 Rxc4+ 45. bxc4 Rxh3 46. f7 Rh4+ 47. Ke5 Rf4 48. Rxf4 gxf4 {[%emt 0:00:01] Weighted Error Value: White=0.09 (flawless) /Black=0.41.  Loses game:     	---       	Black=1      Mistake:       	White=1     	Black=3      Inaccurate:     	White=3     	Black=3      OK:         	White=12    	Black=10     Best:        	White=6     	Black=2      Strong:       	---       	Black=1} 1-0

[Event "Tata Steel India Women Rapid 2024"]
[Site "Kolkata"]
[Date "2024.11.15"]
[Round "9.1"]
[White "Gunina, Valentina"]
[Black "Goryachkina, Aleksandra"]
[Result "0-1"]
[ECO "D50"]
[WhiteElo "2425"]
[BlackElo "2528"]
[Annotator "TA"]
[PlyCount "98"]
[EventDate "2024.11.06"]
[EventType "tourn"]
[EventCountry "IND"]
[SourceTitle "playchess.com"]
[Source "ChessBase"]
[SourceQuality "1"]
[TimeControl "1500+10"]

1. d4 d5 2. c4 e6 3. Nf3 Nf6 4. Nc3 c5 5. cxd5 cxd4 6. Qxd4 exd5 7. Bg5 Be7 8. e3 O-O {[%emt 0:00:05] D50: Queen's Gambit Declined: Dutch-Peruvian Gambit.} 9. Bd3 h6 10. Bh4 Nc6 11. Qa4 Bd7 12. Qd1 Bg4 13. Be2 Bxf3 $146 ({Predecessor:} 13... Qa5 14. O-O Rad8 15. Nd4 Bxe2 16. Ncxe2 g6 17. Qb3 Qa6 18. Rac1 Kg7 19. h3 Rc8 20. Rfd1 Rfd8 {0-1 Lomaia,D (1846)-Kosteniuk,A (2513) Titled Tuesday intern op 31st May Late blitz 2022 (10)}) 14. Bxf3 d4 15. exd4 Qxd4 (15... Nxd4 $11 16. O-O Qb6) 16. Bg3 (16. Qxd4 $14 Nxd4 17. Bxb7) 16... Qb4 $15 17. O-O Rad8 18. Qb3 Nd4 19. Qxb4 Nxf3+ 20. gxf3 Bxb4 21. Rfd1 Bxc3 22. bxc3 Rxd1+ 23. Rxd1 {[%emt 0:00:02][%mdl 4096] Endgame. KRB-KRN} Rc8 24. Be5 Rc5 25. f4 Ra5 26. Rd2 b6 27. Kg2 Ne4 28. Re2 Nc5 29. Kf3 f6 30. Bd6 Ra3 31. Kg4 Rxc3 32. Kf5 {[%emt 0:00:02] Kg6 is the strong threat.} Kh7 $1 33. Re7 (33. Bf8 $17 {might work better.} Rd3 34. Re7) 33... Rd3 ({Better is} 33... Ra3 $19 34. Rc7 Ra5 (34... Rxa2 35. Bf8 $11) 35. Bxc5 Rxc5+ (35... bxc5 $2 36. Kg4 $19) 36. Rxc5 bxc5) 34. Bxc5 $17 {[%emt 0:01:22] KRB-KR} Rd5+ (34... bxc5 $17 35. Rxa7 Rh3) 35. Ke6 $2 (35. Kg4 $1 $11 {and White stays safe.} Rxc5 (35... bxc5 36. Rxa7 h5+ 37. Kf3 $11) 36. Rxa7) 35... Rxc5 $19 36. Rxa7 {[%emt 0:00:08] KR-KR} Rc2 37. Kf7 Rxf2 38. Ra3 Rxf4 39. Rg3 g5 40. Rb3 Ra4 $1 41. a3 {[%emt 0:00:36] [#]} f5 $2 (41... b5 $1 $19 {Threatens to win with ...Ra6.} 42. Kxf6 Rf4+ 43. Ke6 Kg6 44. Rxb5 Rf6+ 45. Ke7 Rf2 46. Rb6+ Kg7) 42. Rxb6 $2 {[%emt 0:01:20] [#]} (42. Kf6 $1 $15) 42... Ra7+ $2 ({Much less strong is} 42... Rxa3 43. Kf6 $15) ({Black should play} 42... Ra8 $1 $19 {[%cal Of5f4] White must now prevent ...f4!} 43. h4 Rg8 (43... Rxa3 44. Kf6 $11) (43... gxh4 $2 44. a4 $19)) 43. Kf6 $11 f4 44. Rb3 $1 Ra6+ 45. Kf5 Kg7 46. h4 Rf6+ 47. Kg4 gxh4 48. a4 f3 {[%emt 0:00:13] ( -> ...f2)} 49. Rxf3 $2 {[%emt 0:00:07][%mdl 8192] [#]} (49. Rb1 $11) 49... h5+ $1 0-1

[Event "Tata Steel India Women Rapid 2024"]
[Site "Kolkata"]
[Date "2024.11.15"]
[Round "9.2"]
[White "Divya Deshmukh"]
[Black "Vantika Agrawal"]
[Result "1-0"]
[ECO "C13"]
[WhiteElo "2493"]
[BlackElo "2392"]
[Annotator "TA"]
[PlyCount "43"]
[EventDate "2024.11.06"]
[EventType "tourn"]
[EventCountry "IND"]
[SourceTitle "playchess.com"]
[Source "ChessBase"]
[SourceQuality "1"]
[TimeControl "1500+10"]

1. e4 e6 2. d4 d5 3. Nc3 Nf6 4. Bg5 dxe4 5. Nxe4 Be7 6. Nxf6+ Bxf6 7. Bxf6 Qxf6 8. Nf3 O-O 9. Qd2 c5 10. O-O-O Rd8 11. Bd3 cxd4 {[%emt 0:03:05] The position is equal.} 12. Ng5 h6 13. Ne4 Qe7 14. g4 $1 f5 15. gxf5 exf5 16. Ng3 $36 {[%emt 0:00:02][%cal Oh1g1][%mdl 2048] [#] Strongly threatening Rhg1! White has some pressure.} Qf7 17. Qe2 Be6 {[%emt 0:02:45][%mdl 8192] Repels Bc4} (17... Qxa2 $2 {perishes.} 18. Bc4+ $18 (18. Nxf5 $2 Qa1+ 19. Kd2 Qa5+ 20. b4 Qxb4+ 21. Kc1 Bxf5 $17) (18. Nxf5 $2 Qa1+ 19. Kd2 Qa5+ 20. b4 Qxb4+ 21. Kc1 Bxf5 $19)) (17... Kh7 $1 $11 {and Black has nothing to worry.}) 18. Rhe1 Bd5 19. Nxf5 {[%emt 0:00:04] Rg1 is the strong threat.} (19. Bxf5 Nc6 $11) 19... Kf8 $2 (19... Kh8 20. Qd2 (20. Nxd4 Nc6 $14) (20. Rg1 Rg8 $18) 20... Qf6) 20. Rg1 $18 ({Not} 20. Nxd4 Nc6 $16) 20... g6 {[%emt 0:00:09] [#]} 21. Rxg6 $3 Re8 (21... Nc6 22. Rxh6) 22. Qh5 {[%emt 0:00:06] Weighted Error Value: White=0.03 (flawless) /Black=1.10.  Loses game:     	---       	Black=1      Mistake:       	---       	Black=1      Inaccurate:     	---       	Black=1      OK:         	White=5     	Black=5      Best:        	White=2     	---        Strong:       	White=1     	---} 1-0

[Event "Tata Steel India Women Rapid 2024"]
[Site "Kolkata"]
[Date "2024.11.15"]
[Round "9.3"]
[White "Kosteniuk, Alexandra"]
[Black "Dzagnidze, Nana"]
[Result "1/2-1/2"]
[ECO "C02"]
[WhiteElo "2487"]
[BlackElo "2518"]
[Annotator "RC"]
[PlyCount "102"]
[EventDate "2024.11.06"]
[EventType "tourn"]
[EventCountry "IND"]
[SourceTitle "playchess.com"]
[Source "ChessBase"]
[SourceQuality "1"]
[TimeControl "1500+10"]

1. e4 e6 2. d4 d5 3. e5 c5 4. c3 Nc6 5. Nf3 Qb6 6. Na3 cxd4 7. cxd4 Bd7 8. Be2 Nh6 9. Nc2 Rc8 10. O-O Nf5 11. Rb1 Be7 12. b4 Na5 13. g4 Nh4 14. Nxh4 Bxh4 15. Na3 Nc4 16. Nxc4 dxc4 17. Be3 c3 18. Qc2 Qd8 19. b5 Bg5 20. f4 Be7 21. Rb3 O-O 22. Bd3 h6 23. Rxc3 Qa5 24. Rxc8 Rxc8 25. Qe2 Qa3 26. Bf2 Rc3 27. Rd1 Rc1 28. Rxc1 Qxc1+ 29. Kg2 g6 30. a4 a6 31. Be3 Qa3 32. f5 g5 33. f6 Bb4 34. Bc2 axb5 35. axb5 Kf8 36. Bf2 Ke8 37. Qc4 Qb2 38. Qc7 Ba5 39. Qc5 Bb4 40. Qc4 Ba5 41. Qc5 Bb4 42. Qc7 Ba5 43. Qd6 Bd8 44. Be4 Qxb5 45. d5 Qc4 46. Bf3 Qa2 47. Kg3 Qa6 48. dxe6 Qxd6 49. exf7+ Kxf7 50. exd6 Bxf6 51. Bxb7 Be5+ 1/2-1/2